 Dungeon Crawl Stone Soup version 0.30-a0-465-g8901f6c8b5 (webtiles) character file.

Game seed: 9248389940316435968

113 Mitcholas the Chopper (level 4, -12/41 HPs)
             Began as a Hill Orc Monk on Dec 18, 2022.
             Killed from afar by Natasha (15 damage)
             ... with a bolt of dispelling energy
             ... on level 3 of the Dungeon.
             The game lasted 00:03:16 (2272 turns).

Mitcholas the Chopper (Hill Orc Monk)               Turns: 2272, Time: 00:03:17

Health: -12/41     AC:  8    Str: 15    XL:     4   Next: 96%
Magic:  4/4        EV:  7    Int: 10    God:
Gold:   141        SH:  0    Dex: 13    Spells: 3/3 levels left

rFire   . . .      SeeInvis .    b - +0 war axe
rCold   . . .      Faith    .    (no shield)
rNeg    . . .      Spirit   .    h - +0 chain mail
rPois   .          Reflect  .    (no helmet)
rElec   .          Harm     .    (no cloak)
rCorr   .          Rampage  .    (no gloves)
Will    .....                    (no boots)
Stlth   ..........               (no amulet)
HPRegen 0.26/turn                (no ring)
MPRegen 0.09/turn                (no ring)

@: no status effects
A: no striking features
a: no special abilities


You were on level 3 of the Dungeon.
You visited 1 branch of the dungeon, and saw 3 of its levels.

You collected 141 gold pieces.

Inventory:

Hand Weapons
 b - a +0 war axe (weapon)
Missiles
 j - 6 silver javelins (quivered)
 q - 2 poisoned darts
Armour
 h - a +0 chain mail (worn)
 o - a +0 tower shield
Jewellery
 i - an amulet of magic regeneration
Wands
 p - a wand of quicksilver (8)
Scrolls
 a - a scroll of acquirement {unknown}
 d - a scroll of teleportation {unknown}
 e - 3 scrolls of identify {unknown}
 g - a scroll of magic mapping {unknown}
 k - a scroll of immolation {unknown}
 l - 3 scrolls of blinking {unknown}
Potions
 c - a potion of ambrosia
 f - 2 potions of degeneration {unknown}
 m - a potion of mutation {unknown}
 n - a potion of berserk rage {unknown}
 r - a potion of invisibility {unknown}


   Skills:
 + Level 4.5 Fighting
 * Level 5.8 Axes
 + Level 2.2 Armour
 - Level 2.4 Dodging
 - Level 1.5 Stealth


You had 3 spell levels left.
You didn't know any spells.
Your spell library was empty.

Dungeon Overview and Level Annotations

Branches:
Dungeon (3/15)

Altars:

Annotations:
D:3 Natasha


Message History

The goblin hits you with a +0 club.
You slash the goblin!
You kill the goblin!
You see here a +0 club.
HP restored.
Found a stone staircase leading up.
There is a stone staircase leading up here.
Found a stone staircase leading down.
Natasha, Servant of Life and Death comes into view.
She is carrying a wand of quicksilver (12).
Found 14 gold pieces.
Natasha hisses angrily.
A goblin comes into view. It is wielding a +0 club.
The goblin shouts!
You see here a scroll labelled GAUZUIR WAERU.
Found 6 stones.
Natasha casts a spell at you. The magic dart hits you.
You completely miss Natasha. Natasha claws you.
You hit Natasha but do no damage. Natasha claws you.
Natasha stares at you and mumbles some strange words.
The magic dart hits you but does no damage.
You closely miss Natasha. You completely miss the goblin.
The goblin barely misses you. Natasha claws you.
You barely miss Natasha. You slash the goblin!
You kill the goblin!
Natasha zaps a wand.
The bolt of dispelling energy hits you!
You hit Natasha.
Natasha is heavily wounded.
Natasha closely misses you.
You hit Natasha.
Natasha is heavily wounded.
Natasha claws you.
You closely miss Natasha.
Natasha is heavily wounded.
Natasha claws you.
Natasha zaps a wand.
The bolt of dispelling energy hits you!
* * * LOW HITPOINT WARNING * * *
You hit Natasha.
Natasha is almost dead.
Natasha zaps a wand.
The bolt of dispelling energy hits you!
You die...

#.#...# #.... #.#..>##
##..$. #.#.... #....#
#.#..####### #....#
#.#......<.#
#....####.#.######.# (
+...........# #.#
....#.)..###....# #.#
......h@?.#.....######.#
.....###....#.#.##......
. ... #.##.....#.......
...... .
#.##.#.#.#....... .....
#.##.....#....... ....
#.##....##....... ...
#.##....##....... ...
..##.#####.......
.###### #.##....#+..##


You could see Natasha.

Vanquished Creatures
  6 adders
  2 dart slugs
  6 ball pythons
  3 endoplasms
  A giant cockroach (D:1)
  7 goblins
  6 hobgoblins
  4 jackals (D:2)
  7 kobolds
  2 quokkas
  3 bats
  2 frilled lizards (D:2)
  2 rats
51 creatures vanquished.

Notes
Turn   | Place    | Note
-------+----------+-------------------------------------------
     0 | D:1      | Mitcholas the Hill Orc Monk began the quest for the Orb.
     0 | D:1      | Reached XP level 1. HP: 19/19 MP: 1/1
   310 | D:1      | Reached XP level 2. HP: 19/27 MP: 2/2
   640 | D:1      | Reached skill level 1 in Armour
   806 | D:1      | Found a faded altar of an unknown god.
  1020 | D:2      | Reached XP level 3. HP: 22/33 MP: 3/3
  1094 | D:2      | Reached skill level 5 in Axes
  1416 | D:2      | Reached XP level 4. HP: 23/40 MP: 4/4
  2262 | D:3      | Noticed Natasha
  2271 | D:3      | HP: 2/41 [Natasha/bolt of dispelling energy (12)]
  2272 | D:3      | Killed from afar by Natasha

Illustrated notes

Levels and vault maps discovered:
D:1:      dpeg_arrival_rhombus, layout_basic,
          hellmonk_ecumenical_altar_lost_god, serial_park_tiny_pond
D:2:      layout_basic
D:3:      layout_basic, serial_glass, glass_columns_a, glass_columns_b,
          minmay_liquid_box, minmay_surrounded, uniq_natasha

Skill      XL: |  1  2  3  4 |
---------------+-------------+-----
Armour         | 1 2 |  2.2
Fighting       | 4 |  4.5
Axes           | 5 |  5.8
Dodging        | |  2.4
Stealth        | |  1.5

Action                   |  1- 3 |  4- 6 || total
-------------------------+-------+-------++-------
Melee: Hand axe          |    41 |       ||    41
       War axe           |    77 |    58 ||   135
       Punch             |     1 |       ||     1
 Stab: Sleeping          |     1 |       ||     1
Armor: Chain mail        |    54 |    42 ||    96
Dodge: Dodged            |    63 |    29 ||    92

Table legend: (Time is in decaauts)
 A = Elapsed time spent in this place.
 B = Non-inter-level travel time spent in this place.
 C = Inter-level travel time spent in this place.
 D = Time resting spent in this place.
 E = Time spent auto-exploring this place.
 F = Levels seen in this place.
 G = Mean time per level.
                   A        B        C        D        E       F      G
               +--------+--------+--------+--------+--------+-----+--------+
         Total |   2306 |   2248 |     58 |    455 |   1285 |   3 |  768.7 |
       Dungeon |   2306 |   2248 |     58 |    455 |   1285 |   3 |  768.7 |
               +--------+--------+--------+--------+--------+-----+--------+

Top non-repeatable levels by time:
     D:1: 943 daAuts
     D:2: 904 daAuts
     D:3: 458 daAuts
